 Dungeon Crawl Stone Soup version 0.29.1-12-g30fa7ad0bf (webtiles) character file.

Game seed: 6378989903607993330

102 MisterFreud the Magician (level 4, -5/32 HPs)
             Began as a Gnoll Wanderer on Dec 17, 2022.
             Killed by divine providence
             ... invoked by an orc priest
              (12 damage)
             ... on level 4 of the Dungeon.
             The game lasted 00:04:55 (4106 turns).

MisterFreud the Magician (Gnoll Wanderer)           Turns: 4106, Time: 00:04:56

Health: -5/32      AC:  3    Str: 10    XL:     4   Next: 78%
Magic:  3/11       EV: 12    Int: 21    God:
Gold:   1384       SH:  0    Dex: 11    Spells: 10/13 levels left

rFire   . . .      SeeInvis .   a - +0 quarterstaff
rCold   . . .      Faith    .   (shield currently unavailable)
rNeg    . . .      Spirit   .   d - +0 robe
rPois   .          Reflect  .   (no helmet)
rElec   .          Harm     .   b - +0 cloak
rCorr   .          Rampage  .   (no gloves)
Will    .....                   (no boots)
Stlth   ++........              (no amulet)
HPRegen 0.10/turn               k - ring of wizardry
MPRegen 0.12/turn               n - +6 ring of intelligence

@: no status effects
A: fangs 1, strong nose, distributed training
a: no special abilities


You were on level 4 of the Dungeon.
You visited 1 branch of the dungeon, and saw 4 of its levels.

You collected 1384 gold pieces.

Inventory:

Hand Weapons
 a - a +0 quarterstaff (weapon)
 e - a +1 short sword of protection
 o - a +3 dagger
Armour
 b - a +0 cloak (worn)
 d - a +0 robe (worn)
Jewellery
 k - a ring of wizardry (left hand)
 n - a +6 ring of intelligence (right hand)
Scrolls
 c - a scroll of blinking
 g - a scroll of fog {unknown}
 h - 2 scrolls of vulnerability
 l - 4 scrolls of teleportation
Potions
 f - 3 potions of brilliance
 i - a potion of flight
 j - a potion of resistance
 m - a potion of heal wounds {unknown}


   Skills:
 + Level 1.3 Fighting
 + Level 1.3 Short Blades
 + Level 1.3 Long Blades
 + Level 1.3 Axes
 + Level 1.3 Maces & Flails
 + Level 1.3 Polearms
 + Level 4.7 Staves
 + Level 1.3 Ranged Weapons
 + Level 1.3 Throwing
 + Level 2.8 Armour
 + Level 2.8 Dodging
 + Level 2.6 Stealth
 + Level 1.3 Shields
 + Level 1.3 Unarmed Combat
 + Level 5.1 Spellcasting
 + Level 1.0 Conjurations
 + Level 1.0 Hexes
 + Level 3.9 Summonings
 + Level 1.0 Necromancy
 + Level 1.0 Translocations
 + Level 1.0 Transmutations
 + Level 1.0 Fire Magic
 + Level 1.0 Ice Magic
 + Level 1.0 Air Magic
 + Level 1.0 Earth Magic
 + Level 1.0 Poison Magic
 + Level 1.4 Invocations
 + Level 2.8 Evocations


You had 10 spell levels left.
You knew the following spells:

 Your Spells              Type           Power      Damage    Failure   Level
a - Summon Small Mammal   Summ           84%        N/A       1%          1
b - Call Imp              Summ           21%        N/A       1%          2

Your spell library contained the following spells:

 Spells                   Type           Power      Damage    Failure   Level
 Static Discharge         Conj/Air       9%         3-5/arc   4%          2
 Animate Armour           Summ/Erth      30%        N/A       16%         4
 Dispel Undead            Necr           9%         3d8       26%         4
 Sticky Flame             Conj/Fire      9%         2d3       26%         4


Dungeon Overview and Level Annotations

Branches:
Dungeon (4/15)
 Temple: D:4-7

Altars:
Qazlal
Wu Jian

Annotations:
D:4 Robin


Innate Abilities, Weirdness & Mutations

You have very sharp teeth.
Your uncanny sense of smell can sniff out nearby items.
Your experience applies equally to all skills.


Message History

Confirm with . or Enter, or press ? or * to list all spells.
A shadowy apparition takes form in the air.
Robin shouts!
The orc priest shouts!
The goblin shoots a sling bullet.
The sling bullet misses you.
Casting: Call Imp (safe; 1% risk of failure)
Confirm with . or Enter, or press ? or * to list all spells.
A beastly little devil appears in a puff of flame.
Your shadow imp disappears in a puff of smoke!
A goblin comes into view. It is wielding a +0 club.
The goblin shoots a sling bullet.
The sling bullet hits you but does no damage.
Casting: Call Imp (safe; 1% risk of failure)
Confirm with . or Enter, or press ? or * to list all spells.
A beastly little devil appears in a puff of flame.
Your crimson imp disappears in a puff of smoke!
Robin roars a battlecry!
The goblins go into a battle-frenzy!
The orc throws a stone.
The stone hits you but does no damage.
Casting: Call Imp (safe; 1% risk of failure)
Confirm with . or Enter, or press ? or * to list all spells.
A metallic apparition takes form in the air.
Your crimson imp disappears in a puff of smoke!
An orc priest comes into view. It is wielding a +0 hand axe.
Robin throws the goblin at you!
A goblin comes into view. It is wielding a +0 dagger.
The goblin unwields a +0 sling.
The goblin wields a +0 club.
The goblin hits you with a +0 club.
Unknown command.
You swap places.
The orc completely misses your iron imp.
The goblin closely misses you.
Unknown command.
You barely miss the goblin.
The orc hits your iron imp with a +0 hand axe!
The orc priest mumbles some strange prayers to Beogh against you.
Beogh smites you!
* * * LOW HITPOINT WARNING * * *
The orc priest calls down the wrath of Beogh upon you.
Beogh smites you!
You die...

##.##............ ####
#..##..†.........
#..####.####...........
##..##.)# ##.........<
#...#)## ##.........
##...)).### ##........
#...†.....## ##.......
##..........## ##......
#......@g...[## ##....#
#...)..5......# ######
#......o.......
#.......o.......
#..........)g...
#........g...o..
##..............
#..........go..
#..............


You could see Robin, 2 orc priests, 2 orcs, 3 goblins and a friendly iron imp
(summoned).

Vanquished Creatures
  An adder (D:2)
  2 dart slugs (D:2)
  6 endoplasms
  4 giant cockroaches
  4 goblins
  4 hobgoblins
  2 jackals (D:3)
  7 ball pythons
  2 bats
  A frilled lizard (D:1)
  A kobold (D:4)
  6 rats
40 creatures vanquished.

Vanquished Creatures (collateral kills)
  2 adders
  A worm (D:2)
  An orc (D:4)
  An endoplasm (D:2)
  A giant cockroach (D:3)
  7 goblins
  2 hobgoblins
  A quokka (D:1)
  2 bats
  A frilled lizard (D:1)
  2 kobolds
  2 rats
23 creatures vanquished.

Vanquished Creatures (others)
  45 plants (D:2)
45 creatures vanquished.

Grand Total: 108 creatures vanquished

Notes
Turn   | Place    | Note
-------+----------+-------------------------------------------
     0 | D:1      | MisterFreud the Gnoll Wanderer began the quest for the Orb.
     0 | D:1      | MisterFreud set off with the following items: a +0
                  | quarterstaff, a +0 cloak, a scroll of blinking, a +0 robe;
                  | and the following spell memorised: Summon Small Mammal; and
                  | the following spells available to memorise: Call Imp,
                  | Animate Armour.
     0 | D:1      | Reached XP level 1. HP: 13/13 MP: 6/6
   492 | D:1      | Reached XP level 2. HP: 19/19 MP: 5/7
  1916 | D:2      | Reached skill level 5 in Spellcasting
  1916 | D:2      | Reached XP level 3. HP: 4/25 MP: 6/9
  2298 | D:2      | Reached skill level 1 in Invocations
  2302 | D:2      | Learned a level 2 spell: Call Imp
  2521 | D:2      | Reached skill level 1 in Fighting
  2521 | D:2      | Reached skill level 1 in Short Blades
  2521 | D:2      | Reached skill level 1 in Long Blades
  2521 | D:2      | Reached skill level 1 in Axes
  2521 | D:2      | Reached skill level 1 in Maces & Flails
  2521 | D:2      | Reached skill level 1 in Polearms
  2521 | D:2      | Reached skill level 1 in Ranged Weapons
  2521 | D:2      | Reached skill level 1 in Throwing
  2521 | D:2      | Reached skill level 1 in Shields
  2521 | D:2      | Reached skill level 1 in Unarmed Combat
  2766 | D:2      | Reached XP level 4. HP: 30/32 MP: 11/11
  3192 | D:2      | Identified a scroll of acquirement
  3192 | D:2      | Acquired 1203 gold pieces
  3589 | D:3      | Found a stormy altar of Qazlal.
  3621 | D:3      | Reached skill level 1 in Conjurations
  3621 | D:3      | Reached skill level 1 in Hexes
  3621 | D:3      | Reached skill level 1 in Necromancy
  3621 | D:3      | Reached skill level 1 in Translocations
  3621 | D:3      | Reached skill level 1 in Transmutations
  3621 | D:3      | Reached skill level 1 in Fire Magic
  3621 | D:3      | Reached skill level 1 in Ice Magic
  3621 | D:3      | Reached skill level 1 in Air Magic
  3621 | D:3      | Reached skill level 1 in Earth Magic
  3621 | D:3      | Reached skill level 1 in Poison Magic
  3655 | D:3      | Found an ornate altar of the Wu Jian Council.
  4097 | D:4      | Noticed Robin
  4106 | D:4      | Killed from afar by an orc priest

Illustrated notes

Levels and vault maps discovered:
D:1:      dpeg_arrival_ratfight, layout_loops_ring
D:2:      layout_basic, serial_bayou, serial_bayou_pond_c, serial_bayou_pond_e,
          serial_bayou_lagoon_a, serial_bayou_pond_c
D:3:      layout_basic, okawaru_ov_weapons_minmay, general_overflow_altar,
          lemuel_coloured_pillars_altar
D:4:      layout_cave_pods, uniq_robin

Skill      XL: |  1  2  3  4 |
---------------+-------------+-----
Spellcasting   | 5 |  5.1
Invocations    | 1 |  1.4
Fighting       | 1 |  1.3
Short Blades   | 1 |  1.3
Long Blades    | 1 |  1.3
Axes           | 1 |  1.3
Maces & Flails | 1 |  1.3
Polearms       | 1 |  1.3
Ranged Weapons | 1 |  1.3
Throwing       | 1 |  1.3
Shields        | 1 |  1.3
Unarmed Combat | 1 |  1.3
Conjurations   | 1 |  1.0
Hexes          | 1 |  1.0
Necromancy     | 1 |  1.0
Translocations | 1 |  1.0
Transmutations | 1 |  1.0
Fire Magic     | 1 |  1.0
Ice Magic      | 1 |  1.0
Air Magic      | 1 |  1.0
Earth Magic    | 1 |  1.0
Poison Magic   | 1 |  1.0
Staves         | |  4.7
Armour         | |  2.8
Dodging        | |  2.8
Stealth        | |  2.6
Summonings     | |  3.9
Evocations     | |  2.8

Action                   |  1- 3 |  4- 6 || total
-------------------------+-------+-------++-------
Melee: Quarterstaff      |    96 |    52 ||   148
       Bite              |     6 |     9 ||    15
 Cast: Summon Small Mamm |    19 |       ||    19
       Call Imp          |     3 |    12 ||    15
  Use: Scroll            |     2 |     6 ||     8
 Stab: Distracted        |     1 |       ||     1
       Sleeping          |     1 |       ||     1
Armor: Robe              |    29 |    11 ||    40
Dodge: Dodged            |    63 |    47 ||   110
